 Dungeon Crawl Stone Soup version 0.30-a0-269-gf0224bf7b6 (webtiles) character file.

Game seed: 17406217676293063471

161 hikkokomori the Gusty (level 5, 0/32 HPs)
             Began as a Tengu Air Elementalist on Oct 15, 2022.
             Slain by Grinder (6 damage)
             ... on level 3 of the Dungeon.
             The game lasted 00:06:11 (2233 turns).

hikkokomori the Gusty (Tengu Air Elementalist)      Turns: 2233, Time: 00:06:11

Health: 0/32       AC:  3    Str:  8    XL:     5   Next: 42%
Magic:  9/9        EV: 14    Int: 18    God:
Gold:   165        SH:  0    Dex: 14    Spells: 7/8 levels left

rFire   . . .      SeeInvis .    e - +0 dagger (venom)
rCold   . . .      Faith    .    (no shield)
rNeg    . . .      Spirit   .    a - +1 robe
rPois   .          Reflect  .    (helmet restricted)
rElec   .          Harm     .    (no cloak)
rCorr   .          Rampage  .    (no gloves)
Will    .....                    (boots unavailable)
Stlth   ++........               (no amulet)
HPRegen 0.25/turn                (no ring)
MPRegen 0.11/turn                (no ring)

@: flying quickly and evasively, quick
A: beak, talons 3, nimble flight
a: no special abilities


You were on level 3 of the Dungeon.
You visited 1 branch of the dungeon, and saw 3 of its levels.

You collected 165 gold pieces.

Inventory:

Hand Weapons
 d - a +0 short sword
 e - a +0 dagger of venom (weapon)
Missiles
 l - 4 poisoned darts
Armour
 a - a +1 robe (worn)
 o - a +0 scale mail
Magical Staves
 j - a staff of cold
Scrolls
 m - a scroll of enchant armour
 n - a scroll of teleportation
 p - a scroll of identify
Potions
 b - a potion of magic
 c - a potion of heal wounds {unknown}
 f - a potion of degeneration {unknown}
 g - a potion of attraction {unknown}
 h - a potion of haste
 i - a potion of curing
 k - a potion of lignification {unknown}


   Skills:
 + Level 3.3 Fighting
 - Level 2.1 Dodging
 - Level 2.0 Stealth
 - Level 2.0 Spellcasting
 - Level 1.3 Conjurations
 + Level 6.2 Air Magic


You had 7 spell levels left.
You knew the following spells:

 Your Spells              Type           Power      Damage    Failure   Level
a - Shock                 Conj/Air       60%        1d6       3%          1

Your spell library contained the following spells:

 Spells                   Type           Power      Damage    Failure   Level
 Swiftness                Air            24%        N/A       4%          3
 Static Discharge         Conj/Air       30%        2-4/arc   6%          2
 Airstrike                Air            12%        2d(2-18)  14%         4


Dungeon Overview and Level Annotations

Branches:
Dungeon (3/15)

Altars:

Annotations:
D:3 Grinder


Innate Abilities, Weirdness & Mutations

You have a beak for a mouth.
You have claws for feet.
Your magical nature lets you fly swiftly and evasively.


Message History

You hit the ball python.
The ball python is poisoned.
Your kick misses the ball python. You peck the ball python.
You kill the ball python!
No target in view!
Grinder comes into view.
Grinder shouts!
Grinder is nearby!
Grinder is nearby!
Grinder is nearby!
Press: ? - help, v - describe, . - travel
Here: Grinder The floor.
Unknown command.
You aren't carrying any items that you can evoke.
Unknown command.
Unknown command.
Grinder barely misses you.
You barely miss Grinder. Grinder hits you.
You writhe in agony.
You hit Grinder but do no damage.
Grinder is poisoned.
Your kick misses Grinder. Grinder closely misses you.
You closely miss Grinder. You claw Grinder.
Grinder is lightly wounded.
Grinder closely misses you.
You closely miss Grinder. You claw Grinder, but do no damage.
Grinder is lightly wounded.
Grinder blinks!
Grinder gestures at you. Pain shoots through your body!
You barely miss Grinder.
Grinder is moderately wounded.
Grinder closely misses you.
You barely miss Grinder. You peck Grinder, but do no damage.
Grinder is moderately wounded.
Grinder hits you.
You writhe in agony.
You closely miss Grinder. You claw Grinder. Your peck misses Grinder.
Grinder is heavily wounded.
Grinder hits you!
* * * LOW HITPOINT WARNING * * *
You writhe in agony.
You die...

..<#†.†....#......#...###.#######
.<.....###.###.#..###.......#....
.).#.#####.†...#......†##.#.#.###
.###.# #.......###.#....#,*,#.#..
.###.# #.#####.^...#....#,,,.....
.....# #.# ####..###..#**.#.#..
###### #.#######.......##*#.#....
###.#.......#####..,,.,#####
*#........##@##########** #
#..†....#.#.5......# #
#..#.#.......#####.#
#..#.#..###..# *,* **#..#....#
#..# *,* *,.....#..#*#..#****,*
*.#..#.##..,..##*,,,,****
#.*,*.........# *,,,,,,,*
*,,***,**,,,..# *,,****,*


You could see Grinder (poisoned).

Vanquished Creatures
  8 gnolls
  2 adders
  2 dart slugs
  An orc (D:3)
  7 ball pythons
  7 endoplasms
  2 giant cockroaches
  3 goblins
  4 hobgoblins
  4 jackals (D:2)
  3 kobolds
  3 quokkas
  6 bats
  2 frilled lizards
  5 rats
59 creatures vanquished.

Notes
Turn   | Place    | Note
-------+----------+-------------------------------------------
     0 | D:1      | hikkokomori the Tengu Air Elementalist began the quest for
                  | the Orb.
     0 | D:1      | Reached XP level 1. HP: 10/10 MP: 4/4
   102 | D:1      | Reached skill level 1 in Fighting
   102 | D:1      | Reached XP level 2. HP: 16/16 MP: 6/6
   432 | D:1      | Reached XP level 3. HP: 20/20 MP: 7/7
   878 | D:2      | Reached skill level 5 in Air Magic
  1326 | D:2      | Reached XP level 4. HP: 23/27 MP: 8/8
  1829 | D:3      | Reached skill level 6 in Air Magic
  1829 | D:3      | Gained mutation: Your magical nature lets you fly swiftly
                  | and evasively. [Tengu growth]
  1829 | D:3      | Reached XP level 5. HP: 31/32 MP: 2/9
  2222 | D:3      | Noticed Grinder
  2233 | D:3      | Slain by Grinder

Illustrated notes

Levels and vault maps discovered:
D:1:      giann_horns, layout_loops_ring, grunt_decor_resistance,
          minmay_tetromino_o4
D:2:      layout_loops_cross
D:3:      layout_loops_cross, mainiacjoe_overflow_six_doors_small,
          hangedman_decor_points, uniq_grinder

Skill      XL: |  1  2  3  4 |
---------------+-------------+-----
Fighting       | 1 2 3 |  3.3
Air Magic      | 5 6 |  6.2
Dodging        | |  2.1
Stealth        | |  2.0
Spellcasting   | |  2.0
Conjurations   | |  1.3

Action                   |  1- 3 |  4- 6 || total
-------------------------+-------+-------++-------
Melee: Short sword       |    53 |    24 ||    77
       Kick              |    15 |     7 ||    22
       Peck              |     2 |    12 ||    14
       Dagger            |       |     9 ||     9
 Cast: Shock             |    16 |    30 ||    46
  Use: Scroll            |       |     5 ||     5
 Stab: Sleeping          |     8 |     1 ||     9
Armor: Robe              |    11 |     3 ||    14
Dodge: Dodged            |    29 |    34 ||    63

Table legend: (Time is in decaauts)
 A = Elapsed time spent in this place.
 B = Non-inter-level travel time spent in this place.
 C = Inter-level travel time spent in this place.
 D = Time resting spent in this place.
 E = Time spent auto-exploring this place.
 F = Levels seen in this place.
 G = Mean time per level.
                   A        B        C        D        E       F      G
               +--------+--------+--------+--------+--------+-----+--------+
         Total |   2205 |   2107 |     98 |     46 |   1631 |   3 |  735.0 |
       Dungeon |   2205 |   2107 |     98 |     46 |   1631 |   3 |  735.0 |
               +--------+--------+--------+--------+--------+-----+--------+

Top non-repeatable levels by time:
     D:2: 902 daAuts
     D:1: 831 daAuts
     D:3: 471 daAuts
